 Dungeon Crawl Stone Soup version 0.31-a0-986-g5e6e4ef867 (webtiles) character file.

Game seed: 13047684539305164830

757 serber55 the Chiller (level 7, -1/47 (53) HPs)
             Began as a Merfolk Ice Elementalist on Nov 20, 2023.
             Slain by a wight
             ... wielding a +4 spear
              (11 damage)
             ... on level 5 of the Dungeon.
             The game lasted 00:12:13 (4115 turns).

serber55 the Chiller (Merfolk Ice Elementalist)     Turns: 4115, Time: 00:12:14

HP:   -1/47 (53)    AC: 10    Str:  8    XL:     7   Next: 79%
MP:   9/21          EV: 14    Int: 15    God:
Gold: 131           SH:  0    Dex: 14    Spells: 2/13 levels left

rFire   . . .        n - +3 quarterstaff (chaos)
rCold   . . .        (shield currently unavailable)
rNeg    . . .        a - +0 robe
rPois   .            (no helmet)
rElec   .            e - +1 cloak
rCorr   .            (no gloves)
SInv    .            (no boots)
Will    +....        (no amulet)
Stlth   ++           i - ring of willpower
HPRegen 0.27/turn    o - ring of magical power
MPRegen 0.17/turn

%: no passive effects
@: ice-armoured, heavily drained
A: (nimble swimmer 2), mertail, dopey 1
a: no special abilities


You were on level 5 of the Dungeon.
You visited 1 branch of the dungeon, and saw 5 of its levels.

You collected 131 gold pieces.

Inventory:

Hand Weapons
 f - a +0 dagger of draining
 g - a +0 hand axe of holy wrath
 j - a +0 sling
 n - a +3 quarterstaff of chaos (weapon)
Missiles
 k - 6 atropa-tipped darts (quivered)
Armour
 a - a +0 robe (worn)
 e - a +1 cloak (worn)
 s - a +1 robe of positive energy
Jewellery
 i - a ring of willpower (left hand)
 o - a ring of magical power (right hand)
Wands
 p - a wand of roots (5)
Scrolls
 c - 2 scrolls of teleportation
 d - 2 scrolls of identify
 h - a scroll of fog
Potions
 b - a potion of magic
 l - a potion of brilliance
 m - 2 potions of ambrosia
 q - a potion of attraction


   Skills:
 + Level 3.7 Fighting
 + Level 5.5 Dodging
 - Level 2.1 Stealth
 + Level 3.8 Spellcasting
 * Level 7.3 Ice Magic


You had 2 spell levels left.
You knew the following spells:

 Your Spells              Type           Power      Damage    Failure   Level
a - Freeze                Ice            96%        1d10      1%          1
b - Frozen Ramparts       Ice            48%        1d8       2%          3
c - Ozocubu's Armour      Ice            24%        N/A       2%          3
d - Summon Ice Beast      Ice/Summ       13%        N/A       38%         4

Your spell library contained the following spells:

 Spells                   Type           Power      Damage    Failure   Level
 Shock                    Conj/Air       8%         1d3       19%         1
 Cigotuvi's Dreadful Rot  Necr/Pois/Air  4%         N/A       28%         2
 Swiftness                Air            2%         N/A       50%         3
 Airstrike                Air            1%         2d(1-17)  88%         4
 Anguish                  Hex/Necr       1%         N/A       88%         4
 Cause Fear               Hex            1%         N/A       88%         4
 Dispel Undead            Necr           2%         3d7       88%         4
 Death Channel            Necr           1%         N/A       100%        6
 Enfeeble                 Hex            1%         N/A       100%        7


Dungeon Overview and Level Annotations

Branches:
Dungeon (5/15)
 Temple: D:4-7

Altars:
Hepliaklqana
Yredelemnul

Shops:
D:1 *

Annotations:
D:5 Edmund


Innate Abilities, Weirdness & Mutations

((You are very nimble when in or above water. (Stealth+, EV+, Speed+++)))
Your lower body shifts to a powerful aquatic tail in water.
You are dopey. (Int -2)


Message History

You hit the wight but do no damage.
The wight is lightly damaged.
The wight completely resists.
The wall freezes the wight but does no damage.
The wight misses you.
The wight completely resists.
The wall freezes the wight but does no damage.
The wight hits you with a +4 spear.
* * * LOW HITPOINT WARNING * * *
You feel drained.
* * * LOW HITPOINT WARNING * * *
You closely miss the wight.
The wight is lightly damaged.
The wight resists.
The wall freezes the wight.
The wight misses you.
Unknown command.
You closely miss the wight.
The wight is lightly damaged.
The wight completely resists.
The wall freezes the wight but does no damage.
The wight barely misses you.
Unknown command.
You closely miss the wight.
The wight is lightly damaged.
The frozen ramparts melt away.
The wight barely misses you.
Unknown command.
Okay, then.
You closely miss the wight.
The wight is lightly damaged.
The wight closely misses you. The wight hits you but does no damage.
You hit the wight.
The wight convulses.
The wight is moderately damaged.
The wight hits you with a +4 spear.
* * * LOW HITPOINT WARNING * * *
You sock the wight!
The wight is almost destroyed.
The wight hits you but does no damage.
You hit the wight.
The wight suddenly seems more resistant.
The wight is almost destroyed.
The wight barely misses you. The wight hits you with a +4 spear!
You die...

### ....#### .###...
##......## ...#...
##........##
#.....###..........#
.......#.......<..#
#.....#).........#
##@#...#z)..........#
.......#)##z#.......#
#......##@#......##
###?...##ยง##......#
##...#...#......#
###.#._.#......##(
###...#..........
#####..........
#.............#
###..........#
##........# ####


You could see a wight (resistant).

Vanquished Creatures
  Sigmund (D:2)
  A black bear (D:5)
  3 wights (D:5)
  2 hounds
  Crazy Yiuf (D:5)
  2 iguanas (D:4)
  2 orc wizards (D:5)
  5 gnolls
  An adder (D:3)
  A white imp (D:5)
  A worm (D:3)
  4 dart slugs
  4 orcs
  7 endoplasms
  5 giant cockroaches
  8 hobgoblins
  3 jackals (D:4)
  9 quokkas
  5 ball pythons
  4 bats
  4 frilled lizards
  4 goblins
  6 kobolds
  3 rats
86 creatures vanquished.

Notes
Turn   | Place    | Note
-------+----------+-------------------------------------------
     0 | D:1      | serber55 the Merfolk Ice Elementalist began the quest for
                  | the Orb.
     0 | D:1      | Reached XP level 1. HP: 13/13 MP: 3/3
    76 | D:1      | Found Liecwadgh's Assorted Antiques.
   246 | D:1      | Reached XP level 2. HP: 20/20 MP: 0/5
   842 | D:2      | Reached skill level 1 in Fighting
   849 | D:2      | Reached XP level 3. HP: 26/26 MP: 4/6
   857 | D:2      | Reached skill level 5 in Ice Magic
   862 | D:2      | Learned a level 3 spell: Frozen Ramparts
   993 | D:2      | Reached XP level 4. HP: 32/32 MP: 1/7
  1054 | D:2      | Learned a level 3 spell: Ozocubu's Armour
  1236 | D:2      | Noticed Sigmund
  1238 | D:2      | Gained mutation: You are dopey. (Int -2) [potion of
                  | mutation]
  1251 | D:2      | Killed Sigmund
  1252 | D:2      | Reached XP level 5. HP: 15/39 MP: 2/9
  1252 | D:2      | Reached XP level 6. HP: 18/46 MP: 2/10
  1363 | D:2      | Learned a level 4 spell: Summon Ice Beast
  1494 | D:2      | Reached skill level 6 in Ice Magic
  2634 | D:4      | Found a basalt altar of Yredelemnul.
  3695 | D:5      | Entered Level 5 of the Dungeon
  3761 | D:5      | Found a runed translucent door.
  3762 | D:5      | Noticed Crazy Yiuf
  3771 | D:5      | Killed Crazy Yiuf
  3902 | D:5      | Reached XP level 7. HP: 52/52 MP: 12/12
  3925 | D:5      | Reached skill level 5 in Dodging
  4012 | D:5      | Found a hazy altar of Hepliaklqana.
  4086 | D:5      | Reached skill level 7 in Ice Magic
  4091 | D:5      | Noticed Edmund
  4115 | D:5      | Slain by a wight

Illustrated notes

Levels and vault maps discovered:
D:1:      onia_arrival_pentagram, layout_loops_ring, serial_shops, shop,
          corexii_hall_statues_x, minmay_pentomino_x2
D:2:      layout_basic, minmay_distorted, uniq_sigmund
D:3:      layout_rooms, nicolae_concentric_dashed_squares_wild, hex_medium
D:4:      minmay_chambers_of_twos, layout_loops_corners,
          nicolae_overflow_hidden_temple, mainiacjoe_overflow_cross_hatched
D:5:      layout_rooms, nzn_hepliaklqana_mist_gate,
          nicolae_overflow_crystal_walls, minmay_temple_entry_grid,
          minmay_misc_feat_columns, uniq_grinder, uniq_edmund,
          uniq_crazy_yiuf_cottage

Skill      XL: |  1  2  3  4  5  6  7 |
---------------+----------------------+-----
Dodging        | 3 4 5 |  5.5
Fighting       | 1 2 3 |  3.7
Ice Magic      | 5 6 7 |  7.3
Spellcasting   | 3 |  3.8
Stealth        | |  2.1

Action                     |  1- 3 |  4- 6 |  7- 9 || total
---------------------------+-------+-------+-------++-------
  Melee: Unarmed           |     4 |       |       ||     4
         Dagger            |    23 |    56 |       ||    79
         Hand axe          |     8 |     7 |       ||    15
         Quarterstaff      |       |     1 |    38 ||    39
         Punch             |       |     1 |       ||     1
   Fire: Sling             |    22 |    39 |       ||    61
  Throw: Dart              |       |     3 |       ||     3
   Cast: Freeze            |    18 |    15 |       ||    33
         Frozen Ramparts   |     2 |    15 |     5 ||    22
         Ozocubu's Armour  |       |     9 |     3 ||    12
    Use: Potion            |       |     2 |     1 ||     3
         Scroll            |       |    12 |       ||    12
   Stab: Sleeping          |     4 |     1 |       ||     5
         Confused          |       |       |     2 ||     2
 Armour: Robe              |    17 |    34 |    32 ||    83
  Dodge: Dodged            |    36 |    50 |    28 ||   114

Table legend: (Time is in decaauts)
 A = Elapsed time spent in this place.
 B = Non-inter-level travel time spent in this place.
 C = Inter-level travel time spent in this place.
 D = Time resting spent in this place.
 E = Time spent auto-exploring this place.
 F = Levels seen in this place.
 G = Mean time per level.
                   A        B        C        D        E       F      G
               +--------+--------+--------+--------+--------+-----+--------+
         Total |   4151 |   4041 |    110 |    452 |   2909 |   5 |  830.2 |
       Dungeon |   4151 |   4041 |    110 |    452 |   2909 |   5 |  830.2 |
               +--------+--------+--------+--------+--------+-----+--------+

Top non-repeatable levels by time:
     D:4: 1387 daAuts
     D:2: 915 daAuts
     D:1: 817 daAuts
     D:3: 600 daAuts
     D:5: 430 daAuts
